 Dungeon Crawl Stone Soup version 0.27.1-34-g3ba077fa99 (webtiles) character file.

Game seed: 13435172176249745625

76 mightbedylan the Vexing (level 4, -3/32 HPs)
             Began as a Human Arcane Marksman on Jan 24, 2022.
             Splashed by a jelly's acid (9 damage)
             ... on level 2 of the Dungeon.
             The game lasted 00:17:12 (2590 turns).

mightbedylan the Vexing (Human Arcane Marksman)     Turns: 2590, Time: 00:17:15

Health: -3/32      AC: -2    Str: 10    XL:     4   Next: 57%
Magic:  2/5        EV: 12    Int: 20    God:
Gold:   52         SH:  0    Dex: 14    Spells: 2/5 levels left

rFire    . . .     SeeInvis .   e - +1 dagger (venom)
rCold    . . .     Faith    .   (no shield)
rNeg     . . .     Spirit   .   d - +0 robe
rPois    .         Reflect  .   (no helmet)
rElec    .         Harm     .   (no cloak)
rCorr    .         Rampage  .   (no gloves)
Will     .....                  (no boots)
Stlth    ++........             (no amulet)
HPRegen  0.10/turn              f - +6 ring of intelligence
MPRegen  0.09/turn              (no ring)

@: corroded
A: no striking features
a: no special abilities


You were on level 2 of the Dungeon.
You visited 1 branch of the dungeon, and saw 3 of its levels.

You collected 52 gold pieces.

Inventory:

Hand Weapons
 a - a +0 hand crossbow
 e - a +1 dagger of venom (weapon)
Missiles
 c - 20 bolts
Armour
 d - a +0 robe (worn)
Jewellery
 f - a +6 ring of intelligence (left hand)
Potions
 b - a potion of flight


   Skills:
 + Level 1.2 Fighting
 + Level 1.2 Short Blades
 + Level 2.6 Crossbows
 + Level 2.3 Dodging
 + Level 0.7 Stealth
 + Level 1.3 Spellcasting
 + Level 3.8 Hexes


You had 2 spell levels left.
You knew the following spells:

 Your Spells              Type           Power      Damage    Failure   Level
a - Corona                Hex            17%        N/A       3%          1
b - Slow                  Hex            16%        N/A       5%          2

Your spell library contained the following spells:

 Spells                   Type           Power      Damage    Failure   Level
 Inner Flame              Hex/Fire       8%         N/A       24%         3
 Portal Projectile        Hex/Tloc       16%        N/A       24%         3
 Cause Fear               Hex            8%         N/A       34%         4


Dungeon Overview and Level Annotations

Branches:
Dungeon (3/15)

Altars:


Message History

Found a stone staircase leading up.
There is a stone staircase leading up here.
You hear a distant slurping noise.
Unknown command.
You hear a distant slurping noise.
You hear a squelching noise.
Found a shortbow.
You see here a +0 shortbow.
A jelly comes into view.
The jelly quivers.
A jelly comes into view.
Casting: Slow (safe; 5% risk of failure)
Confirm with . or Enter, or press ? or * to list all spells.
Aiming: Slow (safe; 5% risk of failure)
Press: ? - help, Shift-Dir - straight line, f - jelly
Aim: a jelly (chance to affect: 62%)
The jelly resists with significant effort.
The jelly closely misses you.
You hit the jelly. The acid corrodes you!
Your hands burn!
The jelly is lightly wounded.
The jelly hits you.
You are splashed with acid!
You aren't carrying any scrolls.
Okay, then.
The jelly hits you.
You are splashed with acid.
You hit the jelly but do no damage.
Your hands burn!
* * * LOW HITPOINT WARNING * * *
The jelly is lightly wounded.
The jelly jiggles.
The jelly closely misses you.
You hit the jelly but do no damage.
Your hands burn!
* * * LOW HITPOINT WARNING * * *
The jelly is lightly wounded.
Casting: Slow (safe; 5% risk of failure)
Confirm with . or Enter, or press ? or * to list all spells.
Aiming: Slow (safe; 5% risk of failure)
Press: ? - help, Shift-Dir - straight line, f/p - jelly
Aim: a jelly (lightly wounded, chance to affect: 62%)
The jelly seems to slow down.
The jelly hits you.
* * * LOW HITPOINT WARNING * * *
You are splashed with acid!
You die...

.....#...8...###...8.'.#
....##.#...### ###...#
.......##.## ##.##
....####..#########.###
....# .........[.....#
....##.########..####.#
#'##...# #..# #†#
.......# #JJ# #.#
.....#.# #.@# #.#
#.####.# #..# #.# #.# #
#..# #.# #.# #..# #.#
#.# #..# #.# ...
##..####.# #...
#.......<# #....
###.####.# #..... #.#
#.#


You could see 2 jellies.

Vanquished Creatures
  4 adders (D:2)
  A worm (D:2)
  A dart slug (D:1)
  3 endoplasms
  A giant cockroach (D:2)
  4 goblins
  4 hobgoblins
  2 jackals (D:1)
  4 kobolds
  2 quokkas
  2 ball pythons
  2 bats
  4 rats (D:1)
34 creatures vanquished.

Notes
Turn   | Place    | Note
-------+----------+-------------------------------------------
     0 | D:1      | mightbedylan the Human Arcane Marksman began the quest for
                  | the Orb.
     0 | D:1      | Reached XP level 1. HP: 15/15 MP: 2/2
   557 | D:1      | Reached XP level 2. HP: 18/21 MP: 1/3
   564 | D:1      | Learned a level 2 spell: Slow
  1033 | D:1      | Found a faded altar of an unknown god.
  1368 | D:2      | Reached XP level 3. HP: 16/26 MP: 1/4
  1897 | D:2      | Reached XP level 4. HP: 25/32 MP: 5/5
  2391 | D:2      | Reached skill level 1 in Short Blades
  2590 | D:2      | Splashed by a jelly's acid

Illustrated notes

Levels and vault maps discovered:
D:1:      moated_graveyard_arrival, layout_basic,
          shapermc_ecumenical_altar_notcrosses, minmay_strange_pillars
D:2:      layout_basic, basic_altar, grunt_ministairs_13
D:3:      layout_basic, grunt_gozag_statues

Skill      XL: |  1  2  3  4 |
---------------+-------------+-----
Short Blades   | 1 |  1.2
Fighting       | |  1.2
Crossbows      | |  2.6
Dodging        | |  2.3
Stealth        | |  0.7
Spellcasting   | |  1.3
Hexes          | |  3.8

Action                   |  1- 3 |  4- 6 || total
-------------------------+-------+-------++-------
Melee: Dagger            |    62 |    50 ||   112
 Fire: Hand crossbow     |    13 |       ||    13
 Cast: Corona            |     2 |       ||     2
       Slow              |     5 |     3 ||     8
  Use: Scroll            |       |     3 ||     3
       Potion            |       |     3 ||     3
Armor: Robe              |     6 |     7 ||    13
Dodge: Dodged            |    45 |    27 ||    72
